 Dungeon Crawl Stone Soup version 0.31-a0-1074-g0b22e4e0f1 (webtiles) character file.

Game seed: 2836453175875149291

270 grandjackal the Trooper (level 6, -3/56 HPs)
             Began as a Ghoul Monk on Dec 1, 2023.
             Slain by Ijyb
             ... wielding a +0 club
              (5 damage)
             ... while paralysed by Ijyb
             ... on level 4 of the Dungeon.
             The game lasted 00:01:43 (1894 turns).

grandjackal the Trooper (Ghoul Monk)                Turns: 1894, Time: 00:01:44

Health: -3/56      AC:  4    Str: 15    XL:     6   Next: 22%
Magic:  5/5        EV:  2    Int: 11    God:
Gold:   104        SH:  0    Dex: 11    Spells: 5/5 levels left

rFire   . .          .
                       - Unarmed
rCold   + . .        c - orb {light}
rNeg    + + +        k - +2 robe {Will+}
rPois   ∞            (no helmet)
rElec   .            (no cloak)
rCorr   .            (no gloves)
SInv    .            (no boots)
Will    +....        (no amulet)
Stlth   +            (no ring)
HPRegen 0.00/turn    (no ring)
MPRegen 0.09/turn

%: no passive effects
@: paralysed, inhibited regen, glowing
A: claws 1, cold resistance 1, negative energy resistance 3, inhibited
regeneration, torment resistance 2, devour on kill
a: no special abilities


You were on level 4 of the Dungeon.
You visited 1 branch of the dungeon, and saw 3 of its levels.

You collected 104 gold pieces.

Inventory:

Missiles
 o - 2 throwing nets
Armour
 c - an orb of light (worn)
 k - a +2 robe of willpower (worn)
Jewellery
 l - a ring of ice
 n - a ring of fire
Scrolls
 f - a scroll of butterflies {unknown}
 h - 3 scrolls of teleportation {unknown}
 i - a scroll of blinking {unknown}
 j - 3 scrolls of identify {unknown}
Potions
 a - a potion of magic {unknown}
 b - a potion of ambrosia
 d - 2 potions of lignification {unknown}
 e - 2 potions of curing {unknown}
 g - a potion of haste {unknown}
 m - a potion of degeneration {unknown}


   Skills:
 + Level 5.6 Fighting
 - Level 3.0 Dodging
 + Level 5.6 Unarmed Combat


You had 5 spell levels left.
You didn't know any spells.
Your spell library was empty.

Dungeon Overview and Level Annotations

Branches:
Dungeon (2/15)

Altars:

Annotations:
D:4 Ijyb


Innate Abilities, Weirdness & Mutations

You are immune to poison.
You have sharp fingernails.
Your flesh is cold resistant. (rC+)
You are immune to negative energy. (rN+++)
You do not regenerate when monsters are visible.
You are immune to unholy pain and torment.
You thrive by killing the living.


Message History

Ijyb zaps a wand.
You resist with almost no effort.
You barely miss Ijyb.
Ijyb is moderately wounded.
The gnoll hits you from afar with a +0 spear.
Ijyb zaps a wand.
You suddenly lose the ability to move!
The gnoll hits you from afar with a +0 spear.
Ijyb zaps a wand.
You resist with almost no effort.
The gnoll hits you from afar with a +0 spear.
Ijyb hits you with a +0 club.
The gnoll hits you from afar with a +0 spear.
Ijyb hits you with a +0 club.
You can move again.
Unknown command.
Unknown command.
Unknown command.
You scratch Ijyb but do no damage.
Ijyb is moderately wounded.
The gnoll closely misses you.
You scratch Ijyb.
Ijyb is heavily wounded.
Ijyb hits you with a +0 club. The gnoll barely misses you.
You barely miss Ijyb.
Ijyb is heavily wounded.
Ijyb hits you with a +0 club.
The gnoll hits you from afar with a +0 spear.
You scratch Ijyb.
Ijyb is severely wounded.
Ijyb hits you with a +0 club.
The gnoll hits you from afar with a +0 spear.
You barely miss Ijyb.
Ijyb is severely wounded.
Ijyb zaps a wand.
You suddenly lose the ability to move!
The gnoll hits you from afar with a +0 spear.
* * * LOW HITPOINT WARNING * * *
Ijyb hits you with a +0 club.
* * * LOW HITPOINT WARNING * * *
The gnoll hits you from afar with a +0 spear!
* * * LOW HITPOINT WARNING * * *
Ijyb hits you with a +0 club.
You die...

.#......# ..#.....# .#
# ........# ...
........# .#.#
........# .g.###.
........# .#...g.
........####+####....#
.....##....#)#.....#
..... ####@###.#...#
.... #.gg....### ##.
##.....## ## #######


You could see Ijyb and a gnoll.

Vanquished Creatures
  Sigmund (D:2)
  Jessica (D:2)
  3 adders (D:2)
  3 worms (D:2)
  3 dart slugs
  A ball python (D:1)
  5 endoplasms
  A giant cockroach (D:1)
  4 goblins
  4 hobgoblins
  3 jackals (D:2)
  3 quokkas
  3 bats
  A frilled lizard (D:2)
  2 kobolds (D:2)
  4 rats
42 creatures vanquished.

Notes
Turn   | Place    | Note
-------+----------+-------------------------------------------
     0 | D:1      | grandjackal the Ghoul Monk began the quest for the Orb.
     0 | D:1      | Reached XP level 1. HP: 19/19 MP: 0/0
   445 | D:1      | Reached XP level 2. HP: 24/26 MP: 1/1
  1065 | D:2      | Noticed Jessica
  1073 | D:2      | Killed Jessica
  1074 | D:2      | Reached XP level 3. HP: 19/33 MP: 2/2
  1096 | D:2      | Reached XP level 4. HP: 22/40 MP: 3/3
  1396 | D:2      | Found a faded altar of an unknown god.
  1528 | D:2      | Noticed Sigmund
  1540 | D:2      | Killed Sigmund
  1541 | D:2      | Reached skill level 5 in Fighting
  1541 | D:2      | Reached skill level 5 in Unarmed Combat
  1541 | D:2      | Reached XP level 5. HP: 27/48 MP: 4/4
  1541 | D:2      | Reached XP level 6. HP: 32/56 MP: 5/5
  1851 | D:2      | You fall into a shaft and drop 2 floors!
  1864 | D:4      | Noticed Ijyb
  1884 | D:4      | Paralysed by Ijyb for 3 turns
  1892 | D:4      | Paralysed by Ijyb for 5 turns
  1893 | D:4      | HP: 2/56 [gnoll/+0 spear (9)]
  1894 | D:4      | Slain by Ijyb

Illustrated notes

Levels and vault maps discovered:
D:1:      evilmike_arrival_rings, layout_basic
D:2:      layout_basic, hellmonk_ecumenical_altar_inner_sanctum,
          minmay_pentomino_z4, uniq_jessica, uniq_sigmund
D:4:      layout_cave_pools, kennysheep_orc_sif_temple, grunt_tough_drop,
          uniq_pikel, uniq_ijyb

Skill      XL: |  1  2  3  4 |
---------------+-------------+-----
Dodging        | 3 |  3.0
Fighting       | 4 5 |  5.6
Unarmed Combat | 4 5 |  5.6

Action                     |  1- 3 |  4- 6 || total
---------------------------+-------+-------++-------
  Melee: Unarmed           |    41 |    97 ||   138
 Armour: Robe              |    14 |    67 ||    81
  Dodge: Dodged            |    27 |    62 ||    89

Table legend: (Time is in decaauts)
 A = Elapsed time spent in this place.
 B = Non-inter-level travel time spent in this place.
 C = Inter-level travel time spent in this place.
 D = Time resting spent in this place.
 E = Time spent auto-exploring this place.
 F = Levels seen in this place.
 G = Mean time per level.
                   A        B        C        D        E       F      G
               +--------+--------+--------+--------+--------+-----+--------+
         Total |   1881 |   1819 |     62 |    126 |   1386 |   3 |  627.0 |
       Dungeon |   1881 |   1819 |     62 |    126 |   1386 |   3 |  627.0 |
               +--------+--------+--------+--------+--------+-----+--------+

Top non-repeatable levels by time:
     D:1: 1048 daAuts
     D:2: 792 daAuts
     D:4: 41 daAuts
